 Dungeon Crawl Stone Soup version 0.29.1-2-gbd0b4ee654 (webtiles) character file.

Game seed: 15365579364530420111

1644 DemonSlayer the Firebug (level 8, -3/49 (55) HPs)
             Began as a Demonspawn Fire Elementalist on Oct 29, 2022.
             Was a Follower of Cheibriados.
             Slain by a wight
             ... wielding a +0 dagger
              (6 damage)
             ... on level 7 of the Dungeon.
             The game lasted 00:16:19 (11066 turns).

DemonSlayer the Firebug (DsFE)                     Turns: 11066, Time: 00:16:19

HP:   -3/49 (55)    AC:  4    Str: 15 (18) XL:     8   Next: 67%
MP:   17/17         EV: 17    Int: 19 (21) God:    Cheibriados [*.....]
Gold: 289           SH:  0    Dex: 14 (17) Spells: 0/20 levels left

rFire   . . .      SeeInvis .   q - +0 dagger (venom)
rCold   . . .      Faith    .   (no shield)
rNeg    . . .      Spirit   .   a - +1 robe
rPois   .          Reflect  .   (helmet restricted)
rElec   .          Harm     .   l - +0 cloak
rCorr   .          Rampage  .   (no gloves)
Will    .....                   (no boots)
Stlth   ++........              (no amulet)
HPRegen 0.16/turn               e - +6 ring of strength
MPRegen 0.15/turn               r - +4 ring of evasion

@: heavily drained, very slow
A: antennae 2, claws 2, demonic guardian 1, weakness stinger 1
a: Renounce Religion, Bend Time


You were on level 7 of the Dungeon.
You worshipped Cheibriados.
Cheibriados was aware of your devotion.
You visited 1 branch of the dungeon, and saw 7 of its levels.

You collected 311 gold pieces.
You spent 22 gold pieces at shops.

Inventory:

Hand Weapons
 b - a +2 dagger
 q - a +0 dagger of venom (weapon)
Armour
 a - a +1 robe (worn)
 l - a +0 cloak (worn)
 o - the +1 chain mail of Divine Compulsion {Drain +Inv rElec Str+7}
   (You found it on level 6 of the Dungeon)

   Str:       It affects your strength (+7).
   rElec:     It insulates you from electricity.
   +Inv:      It lets you turn invisible.
   Drain:     It drains your maximum health when unequipped.
Jewellery
 e - a +6 ring of strength (left claw)
 r - a +4 ring of evasion (right claw)
Scrolls
 f - a scroll of fear
 p - a scroll of enchant armour
 s - a scroll of identify
Potions
 c - a potion of brilliance
 d - a potion of degeneration
 i - 2 potions of attraction
 j - 2 potions of flight
 k - 2 potions of curing
 m - a potion of cancellation


   Skills:
 + Level 1.7 Fighting
 + Level 0.6 Short Blades
 + Level 3.2 Dodging
 + Level 3.0 Stealth
 + Level 0.2 Unarmed Combat
 + Level 6.5 Spellcasting
 + Level 2.5 Conjurations
 + Level 6.8 Fire Magic


You couldn't memorise any spells.
You knew the following spells:

 Your Spells              Type           Power      Damage    Failure   Level
a - Foxfire               Conj/Fire      96%        2x1d8     1%          1
b - Scorch                Fire           64%        2d8       1%          2
c - Mephitic Cloud        Conj/Pois/Air  9%         N/A       22%         3
d - Conjure Flame         Conj/Fire      24%        6-21      4%          3
e - Fulminant Prism       Conj/Hex       5%         3d7       54%         4
f - Flame Wave            Conj/Fire      24%        2d8       16%         4
g - Ozocubu's Armour      Ice            6%         N/A       32%         3

Your spell library contained the following spells:

 Spells                   Type           Power      Damage    Failure   Level
 Magic Dart               Conj           60%        1d6       3%          1
 Searing Ray              Conj           30%        2d5       5%          2
 Inner Flame              Hex/Fire       19%        N/A       8%          3
 Slow                     Hex            24%        N/A       11%         1
 Sting                    Tmut/Pois      24%        1d4       11%         1
 Call Imp                 Summ           6%         N/A       16%         2
 Poisonous Vapours        Pois/Air       12%        N/A       16%         2
 Confusing Touch          Hex            6%         N/A       32%         3
 Vampiric Draining        Necr           6%         2d6       32%         3
 Hailstorm                Conj/Ice       11%        3d5       54%         4
 Corpse Rot               Necr/Pois/Air  6%         N/A       71%         4
 Ice Form                 Ice/Tmut       6%         N/A       71%         4
 Olgreb's Toxic Radiance  Pois           6%         N/A       71%         4
 Simulacrum               Ice/Necr       3%         N/A       100%        6
 Ozocubu's Refrigeration  Ice            3%         4d8       100%        7


Dungeon Overview and Level Annotations

Branches:
Dungeon (7/15)             Temple (0/1) D:6

Altars:
Ashenzari
Cheibriados
Hepliaklqana
Kikubaaqudgha
Nemelex Xobeh
Ru
Trog
Uskayaw
Wu Jian

Shops:
D:5 *

Annotations:
D:3 3 runed translucent doors, Anandil's ghost, amateur DsHu


Innate Abilities, Weirdness & Mutations

You have a pair of antennae on your head.
You have very sharp fingernails.
A weak demonic guardian rushes to your aid.
You have a small tail.


Message History

The wight barely misses you.
It was a potion of heal wounds.
You feel much better. The wight misses you. The wight completely misses you.
The wight closely misses you.
The wight hits you with a +3 great sword!
The wight attacks as you move away!
The wight hits you with a +3 great sword!
You feel drained.
* * * LOW HITPOINT WARNING * * *
You are confused.
You feel invigorated. The wight misses you. The wight attacks as you move away!
The wight barely misses you.
The wight is no longer more vulnerable to fire.
The wight completely misses you.
You closely miss the wight.
Your tail-slap misses the wight.
The wight is severely damaged.
The wight closely misses you. The wight misses you.
The wight hits you with a +3 great sword!
You feel drained. The wight attacks as you move away!
The wight hits you with a +5 hand axe!
* * * LOW HITPOINT WARNING * * *
You feel drained.
* * * LOW HITPOINT WARNING * * *
You feel less invigorated.
You feel less confused. The wight misses you.
The wight attacks as you move away! The wight barely misses you.
The wight barely misses you. The wight hits you with a +5 hand axe.
* * * LOW HITPOINT WARNING * * *
The wight attacks as you move away! The wight closely misses you.
The wight attacks as you move away! The wight hits you with a +0 dagger.
* * * LOW HITPOINT WARNING * * *
You feel drained.
* * * LOW HITPOINT WARNING * * *
The wight closely misses you. The wight attacks as you move away!
The wight hits you with a +0 dagger.
* * * LOW HITPOINT WARNING * * *
The wight hits you with a +0 dagger.
You die...

#..........<.#.##.#........#..#
#......................#####..#
#..............##÷#....# ...#
#...............#.#....# ....#
##..............).....##.......
##...................##.##....
####...#...#.###.#...........
##.#####..#.z.#z#...####.. #.#
##.@zz##..#.### #..
#.####..#####....# #..
#.##....# #...## ... #.#...###
###..## ... #.#.#.# #....# ...
###.#...#####..#.# ...
####.†.#..........#)# ...
##................##.# ...
##...............## ... ...


You could see 3 wights.

Vanquished Creatures
  A water moccasin (D:7)
  A black bear (D:7)
  An ice beast (D:7)
  A centaur (D:6)
  3 bullfrogs (D:7)
  2 scorpions
  A gnoll sergeant (D:5)
  A wight (D:7)
  3 howler monkeys (D:7)
  2 jellies
  6 hounds
  2 orc priests
  Jessica (D:2)
  An iguana (D:5)
  5 orc wizards
  3 adders
  14 gnolls
  A white imp (D:5)
  An ufetubus (D:5)
  4 dart slugs
  A worm (D:2)
  17 orcs
  8 endoplasms
  4 giant cockroaches
  10 goblins
  4 hobgoblins
  3 kobolds
  3 quokkas
  5 ball pythons
  3 bats
  2 frilled lizards
  5 rats
119 creatures vanquished.

Vanquished Creatures (collateral kills)
  An orc (D:7)
1 creature vanquished.

Vanquished Creatures (others)
  187 foxfires
187 creatures vanquished.

Grand Total: 307 creatures vanquished

Notes
Turn   | Place    | Note
-------+----------+-------------------------------------------
     0 | D:1      | DemonSlayer the Demonspawn Fire Elementalist began the
                  | quest for the Orb.
     0 | D:1      | Reached XP level 1. HP: 13/13 MP: 3/3
   618 | D:1      | Discovered your monstrous ancestry.
   618 | D:1      | Gained mutation: You have a pair of small antennae on your
                  | head. [demonic ancestry]
   618 | D:1      | Reached XP level 2. HP: 19/19 MP: 0/5
   621 | D:1      | Learned a level 2 spell: Scorch
  1450 | D:2      | Gained mutation: You have sharp fingernails. [demonic
                  | ancestry]
  1450 | D:2      | Reached XP level 3. HP: 21/24 MP: 1/6
  2184 | D:2      | Noticed Jessica
  2191 | D:2      | Killed Jessica
  2192 | D:2      | Reached XP level 4. HP: 30/30 MP: 1/8
  2569 | D:2      | Learned a level 3 spell: Mephitic Cloud
  2674 | D:3      | Found a bloodstained altar of Trog.
  2973 | D:3      | Found a runed translucent gate.
  2973 | D:3      | Found a runed translucent gate.
  2974 | D:3      | Found a runed translucent gate.
  2979 | D:3      | Noticed Anandil's ghost (amateur DsHu)
  3362 | D:3      | Found a sparkling altar of Nemelex Xobeh.
  4268 | D:4      | Noticed a scorpion
  5055 | D:4      | Gained mutation: You have a small tail. [demonic ancestry]
  5055 | D:4      | Reached XP level 5. HP: 32/35 MP: 0/9
  5436 | D:4      | Learned a level 3 spell: Conjure Flame
  6162 | D:4      | Gained mutation: You have very sharp fingernails. [demonic
                  | ancestry]
  6162 | D:4      | Reached XP level 6. HP: 38/41 MP: 6/11
  7254 | D:5      | Entered Level 5 of the Dungeon
  7318 | D:5      | Found an ornate altar of the Wu Jian Council.
  7646 | D:5      | Reached skill level 5 in Fire Magic
  7800 | D:5      | Found a sacrificial altar of Ru.
  7805 | D:5      | Found a broken altar of Ashenzari.
  7948 | D:5      | Gained mutation: A weak demonic guardian rushes to your
                  | aid. [demonic ancestry]
  7948 | D:5      | Reached XP level 7. HP: 47/47 MP: 8/13
  8100 | D:5      | Found Risko's CLEARANCE SALE!.
  8104 | D:5      | Bought a potion of ambrosia for 16 gold pieces
  8104 | D:5      | Bought a potion of curing for 6 gold pieces
  8394 | D:6      | Found a hide-covered altar of Uskayaw.
  8401 | D:6      | Found a snail-covered altar of Cheibriados.
  8402 | D:6      | Found a hazy altar of Hepliaklqana.
  8402 | D:6      | Found an ancient bone altar of Kikubaaqudgha.
  8466 | D:6      | Became a worshipper of Cheibriados the Contemplative
  8991 | D:6      | Reached skill level 1 in Fighting
  9109 | D:6      | Found a staircase to the Ecumenical Temple.
  9238 | D:6      | Identified the +1 chain mail of Divine Compulsion {Drain
                  | +Inv rElec Str+7}
  9655 | D:6      | Learned a level 4 spell: Fulminant Prism
  9864 | D:7      | Reached skill level 5 in Spellcasting
 10032 | D:7      | Reached * piety under Cheibriados
 10113 | D:7      | Gained mutation: You have a pair of antennae on your head.
                  | [demonic ancestry]
 10113 | D:7      | Reached XP level 8. HP: 52/54 MP: 2/15
 10908 | D:7      | Learned a level 4 spell: Flame Wave
 10915 | D:7      | Learned a level 3 spell: Ozocubu's Armour
 11066 | D:7      | Slain by a wight

Illustrated notes

Levels and vault maps discovered:
D:1:      saegor_arrival_simple_b, layout_basic
D:2:      layout_basic, uniq_jessica
D:3:      layout_loops_cross, mainiacjoe_overflow_paths, general_overflow_altar,
          gammafunk_ghost_necromancy
D:4:      layout_basic
D:5:      layout_layer_cave, nicolae_overflow_crystal_walls,
          cheibrodos_ashenzari_chains, mainiacjoe_overflow_alcove_1,
          nicolae_shop_clearance
D:6:      layout_loops_corners, minitemple, temple_hall
D:7:      layout_rooms, mainiacjoe_overflow_alcove_2

Skill      XL: |  1  2  3  4  5  6  7  8 |
---------------+-------------------------+-----
Fire Magic     | 3 4 5 6 |  6.8
Stealth        | 2 3 |  3.0
Dodging        | 2 3 |  3.2
Spellcasting   | 3 4 5 6 |  6.5
Fighting       | 1 |  1.7
Conjurations   | 2 |  2.5
Short Blades   | |  0.6
Unarmed Combat | |  0.2

Action                   |  1- 3 |  4- 6 |  7- 9 || total
-------------------------+-------+-------+-------++-------
Melee: Unarmed           |    28 |       |       ||    28
       Dagger            |    43 |    70 |    12 ||   125
       Tailslap          |       |     2 |     1 ||     3
       Punch             |       |       |     1 ||     1
 Cast: Foxfire           |    27 |    46 |    42 ||   115
       Scorch            |    23 |    59 |    65 ||   147
       Conjure Flame     |       |       |     1 ||     1
  Use: Potion            |     1 |     5 |     3 ||     9
       Scroll            |       |    12 |     2 ||    14
 Stab: Sleeping          |     2 |     1 |       ||     3
Armor: Robe              |    24 |    22 |    14 ||    60
Dodge: Dodged            |    62 |    51 |    63 ||   176
